 Dungeon Crawl Stone Soup version 0.25-a0-85-g7617fd2bc2 (webtiles) character file.

Game seed: 6701307389171252916, levelgen mode: deterministic

4962 MrRokkomies the Jinx (level 10, -9/65 HPs)
             Began as a Vampire Enchanter on Nov 8, 2019.
             Was a Believer of Dithmenos.
             Mangled by Urug
             ... wielding a +4 demon trident
              (12 damage)
             ... on level 1 of the Lair of Beasts.
             The game lasted 00:19:57 (9009 turns).

MrRokkomies the Jinx (Vampire Enchanter)            Turns: 9009, Time: 00:19:58

Health: -9/65      AC: 10    Str:  5    XL:     10   Next: 28%
Magic:  8/13       EV: 12    Int: 21    God:    Dithmenos [**....]
Gold:   592        SH:  3    Dex: 14    Spells: 4/13 levels left

rFire    . . .     SeeInvis +   a - +2 dagger (venom)
rCold    . . .     Gourm    .   d - +0 buckler
rNeg     . . .     Faith    .   I - +1 robe of Whack-A-Mole {rPois MR+++ Str-3}
rPois    +         Spirit   .   K - +0 helmet
rElec    .         Reflect  .   H - +2 cloak
rCorr    .         Harm     .   (no gloves)
MR       ++++.                  (no boots)
Stlth    ++++++....             (no amulet)
HPRegen  0.40/turn              J - +3 ring of protection
MPRegen  0.13/turn              (no ring)

@: regenerating quickly, wreathed by umbra
A: no food, fangs 3, see invisible, unbreathing
a: Exsanguinate, Shadow Step, Renounce Religion


You were on level 1 of the Lair of Beasts.
You worshipped Dithmenos.
Dithmenos was pleased with you.
You were alive.

You visited 3 branches of the dungeon, and saw 10 of its levels.
You also visited: Ossuary.

You collected 592 gold pieces.

Inventory:

Hand Weapons
 a - a +2 dagger of venom (weapon)
 G - a +0 short sword of freezing
Armour
 d - a +0 buckler (worn)
 H - a +2 cloak (worn)
 I - the +1 robe of Whack-A-Mole (worn) {rPois MR+++ Str-3}
   (You found it on level 6 of the Dungeon)

   It affects your strength (-3).
   It protects you from poison.
   It affects your resistance to hostile enchantments.
 K - a +0 helmet (worn)
Jewellery
 i - an uncursed ring of fire
 j - an uncursed ring of flight
 y - an uncursed ring of ice
 J - a +3 ring of protection (left hand)
Wands
 m - a wand of flame (8)
 D - a wand of scattershot (4)
 F - a wand of random effects (12)
Scrolls
 b - 2 scrolls of blinking {unknown}
 f - a scroll of immolation
 n - a scroll of fog {unknown}
 o - 3 scrolls of fear {unknown}
 p - a scroll of magic mapping
 q - a scroll of amnesia {unknown}
 r - 5 scrolls of teleportation
 s - a scroll of enchant weapon
 u - 4 scrolls of remove curse
 A - 2 scrolls of torment {unknown}
 E - 4 scrolls of identify
Potions
 c - a potion of resistance
 e - 2 potions of magic
 g - 5 potions of agility
 h - 2 potions of mutation
 k - a potion of invisibility
 l - 2 potions of berserk rage
 t - a potion of degeneration {unknown}
 v - 4 potions of heal wounds
 w - 2 potions of lignification
 x - 3 potions of curing
 z - 3 potions of flight {unknown}
 B - 2 potions of might {unknown}
 C - a potion of haste {unknown}


   Skills:
 * Level 1.0 Fighting
 - Level 10.2 Short Blades
 - Level 2.1 Dodging
 + Level 11.4 Stealth
 - Level 2.0 Spellcasting
 * Level 13.9 Hexes


You had 4 spell levels left.
You knew the following spells:

 Your Spells              Type           Power        Failure   Level  Hunger
a - Corona                Hex            ######.      1%          1    N/A
b - Ensorcelled Hibernat  Hex/Ice        ####..       2%          2    N/A
c - Confuse               Hex            ######..     1%          3    N/A
d - Tukima's Dance        Hex            ######..     1%          3    N/A

Your spell library contained the following spells:

 Spells                   Type           Power        Failure   Level  Hunger
 Dazzling Spray           Conj/Hex       ####..       4%          3    N/A

Dungeon Overview and Level Annotations

Branches:
Dungeon (8/15)             Temple (1/1) D:5            Lair (1/6) D:8
Ossuary (visited)

Altars:
Ashenzari
Cheibriados
Dithmenos
Elyvilon
Fedhas
Gozag
Hepliaklqana
Kikubaaqudgha
Makhleb
Nemelex Xobeh
Okawaru
Qazlal
Ru
Sif Muna
Trog
Uskayaw
Vehumet
Wu Jian
Xom
Yredelemnul
Zin
The Shining One

Annotations:
Lair:1 Urug


Innate Abilities, Weirdness & Mutations

You do not eat.
Your natural rate of healing is unusually fast.
You have razor-sharp teeth.
You have supernaturally acute eyesight. (SInv)
You can survive without breathing.


Message History

Urug resists with significant effort.
A porcupine comes into view.
Urug throws a silver javelin.
The silver javelin misses you.
You hear a splash.
Casting: Confuse (safe; 1% risk of failure)
Confirm with . or Enter, or press ? or * to list all spells.
Aiming: Confuse (safe; 1% risk of failure)
Press: ? - help, Shift-Dir - straight line, f/p - Urug
Aim: Urug, wielding a +4 demon trident and wearing a +0 chain mail (chance to defeat MR: 59%) Urug appears confused.
Urug asks, "Where am I?"
The porcupine bites you!
Urug grins madly.
Urug hits you with a +4 demon trident!
* * * LOW HITPOINT WARNING * * *
Found an embroidered scarf.
You hit Urug but do no damage.
Urug is poisoned.
The porcupine bites you!
* * * LOW HITPOINT WARNING * * *
Urug hits you with a +4 demon trident!
You die...

........ . #. #.....
[#.... ## #..... ..#.#
# ##≈##.... ....
..##.≈≈....####.####
#.≈≈.≈≈≈≈≈≈........+.#
#..≈≈≈≈≈≈≈≈..........#
#..≈≈≈≈≈≈≈(≈..r@o..#
...≈≈≈≈≈≈≈≈≈≈..#+#.#
...≈≈≈≈<.≈≈≈.(.[......
#.≈≈≈≈≈≈≈≈≈≈..........
#..≈≈≈≈≈≈≈≈≈≈.?#.#....
....≈≈≈≈≈≈≈≈..#### ...
.....≈≈≈≈≈≈.### ..
.....≈...≈.## .
+..........#


You could see Urug (confused) and a porcupine.

Vanquished Creatures
  A two-headed ogre (D:8)
  Pikel (D:7)
  A troll (D:8)
  A hungry ghost (D:8)
  2 ice beasts (D:7)
  A sky beast (D:6)
  3 slaves (D:7)
  An orc warrior (D:7)
  2 necrophages
  5 ogres
  2 wolves (D:8)
  A centaur (D:7)
  A wyvern zombie (D:8)
  3 bullfrogs
  An elf skeleton (D:5)
  2 water moccasin zombies
  A scorpion (D:4)
  3 electric eels (D:8)
  A crimson imp (D:6)
  3 howler monkeys (D:8)
  5 bullfrog zombies
  7 hounds
  5 centaur zombies (Ossuary)
  3 orc priests
  A human zombie (D:5)
  A jelly (D:8)
  8 orc wizards
  2 iguanas
  2 human skeletons (D:5)
  6 worker ants
  A hound skeleton (D:5)
  14 mummies (Ossuary)
  3 worker ant zombies (Ossuary)
  7 gnolls
  A howler monkey zombie (Ossuary)
  9 adders
  A howler monkey skeleton (D:6)
  6 shadow imps
  An ooze (D:3)
  2 adder zombies (Ossuary)
  2 worms
  2 dart slugs
  7 leopard geckos
  27 orcs
  4 giant cockroaches
  5 goblins
  3 hobgoblins
  8 jackals
  4 kobolds
  3 quokkas
  3 bats
  7 frilled lizards
  A giant cockroach zombie (Ossuary)
  A jackal skeleton (D:7)
  A jackal zombie (D:5)
  A leopard gecko skeleton (D:5)
  2 orc skeletons (D:5)
  4 quokka zombies (Ossuary)
  6 rats
  A spectral orc (D:4)
213 creatures vanquished.

Vanquished Creatures (collateral kills)
  A worker ant (D:7)
  A shadow imp (D:8)
2 creatures vanquished.

Vanquished Creatures (others)
  A dancing weapon (D:8)
  A hound skeleton (D:7)
  A gnoll (D:5)
  A jackal (D:7)
  A withered plant (Ossuary)
5 creatures vanquished.

Grand Total: 220 creatures vanquished

Notes
Turn   | Place    | Note
-------+----------+-------------------------------------------
     0 | D:1      | MrRokkomies the Vampire Enchanter began the quest for the
                  | Orb.
     0 | D:1      | Reached XP level 1. HP: 13/13 MP: 3/3
   236 | D:1      | Reached XP level 2. HP: 19/19 MP: 5/5
   240 | D:1      | Learned a level 2 spell: Ensorcelled Hibernation
   521 | D:1      | Reached skill level 5 in Hexes
   930 | D:2      | Reached XP level 3. HP: 24/24 MP: 6/6
  1011 | D:2      | Learned a level 3 spell: Confuse
  1027 | D:2      | Reached skill level 5 in Stealth
  1156 | D:2      | HP: 1/24 [gnoll/+0 whip (8)]
  1208 | D:2      | Reached XP level 4. HP: 19/30 MP: 0/7
  1838 | D:3      | Reached skill level 6 in Hexes
  2454 | D:4      | Reached XP level 5. HP: 19/35 MP: 5/8
  2554 | D:4      | Noticed an ogre
  2557 | D:4      | Killed an ogre
  2557 | D:4      | Reached skill level 7 in Hexes
  2679 | D:4      | Reached XP level 6. HP: 41/41 MP: 9/9
  2753 | D:4      | Found an ancient bone altar of Kikubaaqudgha.
  2755 | D:4      | Found a shimmering altar of Xom.
  2963 | D:4      | Found a basalt altar of Yredelemnul.
  3140 | D:4      | Learned a level 3 spell: Tukima's Dance
  3245 | D:4      | Found an iron altar of Okawaru.
  3246 | D:4      | Found a sparkling altar of Nemelex Xobeh.
  3401 | D:5      | Entered Level 5 of the Dungeon
  3431 | D:5      | Found a radiant altar of Vehumet.
  3534 | D:5      | Reached skill level 5 in Short Blades
  3540 | D:5      | Found a sand-covered staircase.
  3549 | D:5      | Reached skill level 8 in Hexes
  3549 | D:5      | Reached XP level 7. HP: 21/46 MP: 10/10
  3551 | Ossuary  | Entered an ossuary
  3962 | Ossuary  | HP: 1/46 [mummy (18)]
  4057 | Ossuary  | Reached skill level 9 in Hexes
  4389 | Ossuary  | Reached XP level 8. HP: 23/52 MP: 1/11
  4802 | D:5      | Reached skill level 10 in Hexes
  4979 | D:5      | Found a staircase to the Ecumenical Temple.
  4988 | Temple   | Entered the Ecumenical Temple
  5152 | Temple   | Became a worshipper of Dithmenos the Shadowed
  6024 | D:6      | Reached skill level 11 in Hexes
  6202 | D:6      | Reached XP level 9. HP: 57/57 MP: 12/12
  6209 | D:6      | Got an opalescent robe
  6220 | D:6      | Identified the +1 robe of Whack-A-Mole {rPois MR+++ Str-3}
                  | (You found it on level 6 of the Dungeon)
  6792 | D:7      | Noticed Pikel
  6813 | D:7      | Killed Pikel
  6937 | D:7      | Reached skill level 12 in Hexes
  7073 | D:7      | Reached * piety under Dithmenos
  7305 | D:7      | Reached skill level 10 in Stealth
  8099 | D:8      | Reached ** piety under Dithmenos
  8205 | D:8      | Reached skill level 13 in Hexes
  8246 | D:8      | Noticed a two-headed ogre
  8265 | D:8      | Noticed a troll
  8270 | D:8      | Killed a two-headed ogre
  8270 | D:8      | Reached skill level 10 in Short Blades
  8270 | D:8      | Reached XP level 10. HP: 43/63 MP: 1/13
  8527 | D:8      | Found a staircase to the Lair.
  8981 | D:8      | Reached skill level 1 in Fighting
  8998 | Lair:1   | Entered Level 1 of the Lair of Beasts
  9001 | Lair:1   | Noticed Urug
  9009 | Lair:1   | HP: 3/65 [porcupine (8)]
  9009 | Lair:1   | Mangled by Urug

Levels and vault maps discovered:
D:1:      mushboom_english_gardens, layout_basic, minmay_liquid_box
D:2:      layout_loops_ring, minmay_cut_off
D:3:      layout_basic
D:4:      layout_loops_ring, nicolae_overflow_hidden_temple,
          yredelemnul_forgotten_temple_becter, first_ration
D:5:      layout_gridville, vehumet_altar_wand_db,
          minmay_temple_entry_stoned_glass, nicolae_ossuary_entry_catacombs,
          wad_floor_pattern_untrapped, grunt_tough_drop
D:6:      layout_loops_corners, minmay_a_box_with_orc_wizards_in_it
D:7:      layout_loops_corners, uniq_pikel
D:8:      layout_rooms, erik_lair_island
Temple:   eino_temple_rhombus
Lair:1:   layout_chaotic_city, gammafunk_ghost_ooze, st_stairs_7,
          infiniplex_staircase_pool_2, lemuel_fruit_fields,
          serial_bayou_shore_a, lemuel_fruit_fields, uniq_urug

Skill      XL: |  1  2  3  4  5  6  7  8  9 10 |
---------------+-------------------------------+-----
Short Blades   | 2 3 4 5 6 8 10 | 10.2
Hexes          | 5 6 7 8 9 11 13 | 13.9
Stealth        | 5 6 7 9 10 11 | 11.4
Fighting       | 1 |  1.0
Dodging        | |  2.1
Spellcasting   | |  2.0

Action                   |  1- 3 |  4- 6 |  7- 9 | 10-12 || total
-------------------------+-------+-------+-------+-------++-------
Melee: Dagger            |    64 |   177 |   724 |    94 ||  1059
       Bite              |     6 |    15 |    69 |     4 ||    94
 Cast: Ensorcelled Hiber |     2 |    16 |    10 |     4 ||    32
       Confuse           |     1 |       |    30 |     9 ||    40
       Tukima's Dance    |       |       |     4 |       ||     4
Evoke: Wand              |       |       |    17 |       ||    17
  Use: Scroll            |     6 |     1 |     8 |       ||    15
       Potion            |       |       |     2 |       ||     2
 Stab: Sleeping          |    10 |    20 |    24 |     2 ||    56
       Confused          |     1 |       |    24 |     6 ||    31
       Distracted        |       |     1 |     3 |       ||     4
Armor: Robe              |     3 |    21 |    80 |    14 ||   118
       Ring mail         |       |       |    43 |       ||    43
Dodge: Dodged            |    40 |    98 |   250 |    35 ||   423
Block: Buckler           |     7 |    26 |    52 |     7 ||    92

Table legend:
 A = Non-vault XP
 B = Vault XP
 C = Vault XP percentage of total XP
 D = Non-vault monster count
 E = Vault monster count
 F = Vault count percentage of total count
                 A         B        C        D         E       F
            +---------+---------+-------+---------+---------+-------
      Total |    4467 |    2622 |  37.0 |     151 |      62 |  29.1
            +---------+---------+-------+---------+---------+-------
        D:1 |      30 |       0 |   0.0 |      10 |       0 |   0.0
        D:2 |      80 |       9 |  10.1 |      17 |       4 |  19.0
        D:3 |      57 |       0 |   0.0 |      20 |       0 |   0.0
        D:4 |     460 |       1 |   0.2 |      13 |       1 |   7.1
        D:5 |     415 |     267 |  39.1 |      19 |      11 |  36.7
        D:6 |     594 |     122 |  17.0 |      14 |       3 |  17.6
        D:7 |    1208 |     641 |  34.7 |      31 |       1 |   3.1
        D:8 |    1623 |     737 |  31.2 |      27 |       8 |  22.9
    Ossuary |       0 |     845 | 100.0 |       0 |      34 | 100.0
            +---------+---------+-------+---------+---------+-------
